 Dungeon Crawl Stone Soup version 0.29-a0-333-gb4c28e87c6 (webtiles) character file.

Game seed: 15442816371341517323

58 Jortsu the Skirmisher (level 3, -3/29 HPs)
             Began as a Demonspawn Fighter on Apr 13, 2022.
             Was a Follower of Makhleb.
             Slain by an iguana (11 damage)
             ... on level 4 of the Dungeon.
             The game lasted 00:03:48 (2652 turns).

Jortsu the Skirmisher (Demonspawn Fighter)          Turns: 2652, Time: 00:03:48

Health: -3/29      AC:  7    Str: 18    XL:     3   Next: 75%
Magic:  3/3        EV:  9    Int:  9    God:    Makhleb [*.....]
Gold:   134        SH:  6    Dex: 14    Spells: 2/2 levels left

rFire   . . .      SeeInvis .   a - +1 war axe
rCold   . . .      Faith    .   c - +1 buckler
rNeg    . . .      Spirit   .   b - +0 scale mail
rPois   .          Reflect  .   (no helmet)
rElec   .          Harm     .   (no cloak)
rCorr   .          Rampage  .   (no gloves)
Will    +....                   n - +0 pair of boots
Stlth   +.........              (no amulet)
HPRegen 0.09/turn               e - ring of willpower
MPRegen 0.08/turn               (no ring)

@: no status effects
A: thin skeletal structure 1
a: Renounce Religion


You were on level 4 of the Dungeon.
You worshipped Makhleb.
Makhleb was aware of your devotion.
You visited 1 branch of the dungeon, and saw 4 of its levels.

You collected 134 gold pieces.

Inventory:

Hand Weapons
 a - a +1 war axe (weapon)
Armour
 b - a +0 scale mail (worn)
 c - a +1 buckler (worn)
 n - a +0 pair of boots (worn)
Jewellery
 e - a ring of willpower (left hand)
Scrolls
 l - 2 scrolls of enchant armour
 m - a scroll of teleportation
Potions
 d - a potion of might
 f - 2 potions of brilliance {unknown}
 g - a potion of attraction
 h - a potion of lignification
 i - a potion of invisibility {unknown}
 k - a potion of mutation
 q - a potion of curing


   Skills:
 + Level 3.3 Fighting
 + Level 2.7 Axes
 + Level 3.0 Armour
 + Level 0.3 Dodging
 + Level 0.3 Stealth
 + Level 2.9 Shields


You had 2 spell levels left.
You didn't know any spells.
Your spell library contained the following spells:

 Spells                   Type           Power      Damage    Failure   Level
 Summon Guardian Golem    Hex/Summ       0%         N/A       99%         3
 Orb of Destruction       Conj           0%         9d5       100%        7
 Spellforged Servitor     Conj/Summ      0%         N/A       100%        7


Dungeon Overview and Level Annotations

Branches:
Dungeon (4/15)
 Temple: D:4-7

Altars:
Makhleb


Innate Abilities, Weirdness & Mutations

You have a somewhat thin skeletal structure. (Dex +2, Stealth+)


Message History

The kobold throws a stone.
The stone barely misses you.
An iguana comes into view.
The ball python hisses angrily.
You hit the iguana.
The iguana is lightly wounded.
The iguana closely misses you.
You barely miss the iguana.
The iguana is lightly wounded.
The iguana bites you.
A goblin comes into view. It is wielding a +0 dagger.
The iguana bites you but does no damage.
You hit the iguana.
The iguana is heavily wounded.
The iguana bites you!
A hobgoblin comes into view.
You hit the iguana but do no damage.
The iguana is heavily wounded.
You block the iguana's attack. The ball python barely misses you.
The ball python grabs you. The ball python constricts you.
The iguana bites you!
* * * LOW HITPOINT WARNING * * *
You escape the ball python's grasp.
The ball python attacks as you move away!
The ball python completely misses you. The ball python closely misses you.
You hit the iguana.
The iguana is severely wounded.
You block the iguana's attack.
You hit the iguana.
The iguana is severely wounded.
The iguana bites you but does no damage. x2
You hit the iguana but do no damage.
The iguana is severely wounded.
The iguana bites you but does no damage.
You barely miss the iguana.
The iguana is severely wounded.
The iguana barely misses you.
You hit the iguana but do no damage.
The iguana is severely wounded.
The iguana bites you!
You die...

+................#..
#####+##................#..
#...........#+##........+..
#...........# #####....#..
........##+## ...(#..
...........# ...#..
......###..##+###..#....#..
.###.. #..........#....#..
...# ##@##..##..#....#..
+... #l# .# #....#.. #...


#gSg# # +....#.. #.. ..#g.# #..<.#.. #.##..# #....#.. #. ..#########....#.. .
............####.. . ........<...'..... .. .............#..... You could see an
iguana, a hobgoblin, 2 goblins and a ball python.

Vanquished Creatures
  2 worms (D:2)
  2 dart slugs
  An orc (D:3)
  3 ball pythons
  3 endoplasms (D:2)
  2 giant cockroaches
  3 goblins
  7 hobgoblins
  3 jackals (D:3)
  2 quokkas
  5 bats
  5 kobolds
  4 rats
42 creatures vanquished.

Notes
Turn   | Place    | Note
-------+----------+-------------------------------------------
     0 | D:1      | Jortsu the Demonspawn Fighter began the quest for the Orb.
     0 | D:1      | Reached XP level 1. HP: 18/18 MP: 1/1
   579 | D:1      | Gained mutation: You have a somewhat thin skeletal
                  | structure. (Dex +2, Stealth+) [demonic ancestry]
   579 | D:1      | Reached XP level 2. HP: 24/24 MP: 2/2
  1205 | D:2      | Reached XP level 3. HP: 17/29 MP: 3/3
  2108 | D:3      | Found a faded altar of an unknown god.
  2112 | D:3      | Prayed at the altar of an unknown god.
  2112 | D:3      | Became a worshipper of Makhleb the Destroyer
  2112 | D:3      | Reached * piety under Makhleb
  2652 | D:4      | Slain by an iguana

Illustrated notes

Levels and vault maps discovered:
D:1:      nagdon_arrival_double_spiral, layout_loops_ring
D:2:      layout_rooms
D:3:      layout_basic, nicolae_ecumenical_lake_church
D:4:      layout_gridville, lemuel_tele_altar, minmay_ruptured,
          uniq_crazy_yiuf_cottage

Skill      XL: |  1  2  3 |
---------------+----------+-----
Axes           | 2 |  2.7
Armour         | 3 |  3.0
Fighting       | |  3.3
Dodging        | |  0.3
Stealth        | |  0.3
Shields        | |  2.9

Action                   || total
-------------------------++-------
Melee: War axe           ||   116
  Use: Scroll            ||    13
Armor: Scale mail        ||    73
Dodge: Dodged            ||    79
Block: Buckler           ||    53

Table legend: (Time is in decaauts)
 A = Elapsed time spent in this place.
 B = Non-inter-level travel time spent in this place.
 C = Inter-level travel time spent in this place.
 D = Time resting spent in this place.
 E = Time spent auto-exploring this place.
 F = Levels seen in this place.
 G = Mean time per level.
                   A        B        C        D        E       F      G
               +--------+--------+--------+--------+--------+-----+--------+
         Total |   2701 |   2669 |     32 |    187 |   2011 |   4 |  675.2 |
       Dungeon |   2701 |   2669 |     32 |    187 |   2011 |   4 |  675.2 |
               +--------+--------+--------+--------+--------+-----+--------+

Top non-repeatable levels by time:
     D:1: 898 daAuts
     D:2: 855 daAuts
     D:3: 853 daAuts
     D:4: 94 daAuts
